 Dungeon Crawl Stone Soup version 0.29-a0-284-gf9362112df (webtiles) character file.

Game seed: 3617056722273580842

411 spaghetti the Insei (level 6, -2/38 HPs)
             Began as an Octopode Transmuter on Mar 30, 2022.
             Was a Believer of Sif Muna.
             Slain by a gnoll
             ... wielding a +0 club
              (5 damage)
             ... on level 4 of the Dungeon.
             The game lasted 00:06:26 (5776 turns).

spaghetti the Insei (Octopode Transmuter)           Turns: 5776, Time: 00:06:27

Health: -2/38      AC:  1    Str:  9    XL:     6   Next: 90%
Magic:  9/9        EV: 13    Int: 17    God:    Sif Muna [**....]
Gold:   198        SH:  0    Dex: 13    Spells: 2/9 levels left

rFire   + . .      SeeInvis .     - Unarmed
rCold   . . .      Faith    .   (no shield)
rNeg    . . .      Spirit   .   (helmet restricted)
rPois   .          Reflect  .   (no amulet)
rElec   .          Harm     .   (no ring)
rCorr   .          Rampage  .   (no ring)
Will    .....                   (no ring)
Stlth   ++........              (no ring)
HPRegen 0.12/turn               (no ring)
MPRegen 0.11/turn               (no ring)
                                (no ring)
                                (no ring)

@: no status effects
A: almost no armour, amphibious, 8 rings, camouflage 1, gelatinous body 1,
(nimble swimmer 1), tentacles, fire resistance 1, wild magic 1, MP-powered wands
a: Renounce Religion, Channel Magic


You were on level 4 of the Dungeon.
You worshipped Sif Muna.
Sif Muna was pleased with you.
You visited 1 branch of the dungeon, and saw 4 of its levels.

You collected 198 gold pieces.


Innate Abilities, Weirdness & Mutations

You cannot wear most types of armour.
You are amphibious.
You can wear up to eight rings at the same time.
Your skin changes colour to match your surroundings (Stealth+).
Your rubbery body absorbs attacks. (AC +1, EV +1)
((You are camouflaged when in or above water. (Stealth+)))
You have tentacles for arms and can constrict up to eight enemies at once.
Your flesh is heat resistant. (rF+)
Your spells are a little harder to cast, but a little more powerful.
You expend magic power (3 MP) to strengthen your wands.


   Skills:
 - Level 1.0 Fighting
 - Level 2.0 Dodging
 + Level 7.0 Unarmed Combat
 - Level 2.0 Spellcasting
 + Level 2.7 Transmutations
 + Level 1.6 Ice Magic


You had 2 spell levels left.
You knew the following spells:

 Your Spells              Type           Power      Damage    Failure   Level
a - Beastly Appendage     Tmut           28%        N/A       10%         1
b - Ice Form              Ice/Tmut       11%        N/A       71%         4
c - Wereblood             Tmut           14%        N/A       14%         2

Your spell library contained the following spells:

 Spells                   Type           Power      Damage    Failure   Level
 Apportation              Tloc           4%         N/A       26%         1
 Foxfire                  Conj/Fire      8%         2x1d4     26%         1
 Spider Form              Tmut/Pois      8%         N/A       41%         3
 Call Canine Familiar     Summ           2%         N/A       58%         3
 Conjure Flame            Conj/Fire      2%         6-21      58%         3
 Inner Flame              Hex/Fire       2%         N/A       58%         3
 Portal Projectile        Hex/Tloc       4%         N/A       58%         3
 Flame Wave               Conj/Fire      2%         2d4       92%         4
 Leda's Liquefaction      Hex/Erth       1%         N/A       92%         4
 Alistair's Intoxication  Tmut/Pois      5%         N/A       98%         5

Inventory:

Hand Weapons
 a - a +2 short sword of speed {short}
   (You found it on level 3 of the Dungeon)
 m - a +0 dagger of pain {short}
   (You took it off an orc on level 3 of the Dungeon)
Missiles
 b - 163 stones (quivered) {throwing}
 c - 3 poisoned darts {throwing}
 d - 4 javelins {throwing}
 p - 2 boomerangs {throwing}
Magical Staves
 e - a staff of cold {!astaff}
   (You found it on level 4 of the Dungeon)
Scrolls
 f - 3 scrolls of enchant weapon
 h - a scroll of vulnerability {!r!r}
 j - a scroll of fog
Potions
 g - a potion of lignification {!q}
 i - a potion of degeneration {!q@e2}
 o - a potion of heal wounds {unknown}

Dungeon Overview and Level Annotations

Branches:
Dungeon (4/15)
 Temple: D:4-7

Altars:
Sif Muna

.....# ###### ##
#....## #####....# #.
#g....## #.)...##.# #.
.###..§§§###.#####..#
#. ..o..§§§§§#..# #.##
#.
#§§§§§.######.########.
###§§§.................
#.§§§###.g....########.
......##g@..###....# #.
##...##.†####
#.##.######. #...##..##
####.#...)).).. #..#
#.# #.......######.
.... ... #.##.##.# ##
... .... .. #.##.# #
#### ## #.##.# ....
#.##.# .### ..##.#


You could see 2 gnolls.


Message History

The hound bites you. 😕 HP[-1]
You take 1 damage, and now have 31/38 hp.
You tentacle-slap the hound. You constrict the hound. The hound misses you.
The hound closely misses you.
You tentacle-slap the hound but do no damage.
You constrict the hound.
You kill the hound!
Sif Muna accepts your kill.
Your Unarmed Combat skill increases to level 7!
A gnoll comes into view. It is wielding a +0 spear. 😕 HP[+1]
A gnoll is nearby!
A gnoll is nearby!
A gnoll is nearby!
You see here a hound corpse.
An orc comes into view. It is wielding a +0 short sword.
The gnoll completely misses you.
You are too injured to fight recklessly!
You are too injured to fight recklessly!
You are too injured to fight recklessly!
You are too injured to fight recklessly!
You are too injured to fight recklessly!
You are too injured to fight recklessly!
You are too injured to fight recklessly!
You are too injured to fight recklessly!
You are too injured to fight recklessly!
You are too injured to fight recklessly!
You are too injured to fight recklessly!
The orc shouts!
You tentacle-slap the gnoll. You grab the gnoll. You squeeze the gnoll.
You constrict the gnoll, but do no damage.
You hear a shout!
The gnoll hits you with a +0 spear.
You hear a shout! 😕 HP[-2]
You take 2 damage, and now have 30/38 hp.
You bludgeon the gnoll!
You kill the gnoll!
Sif Muna accepts your kill.
You hear a shout!
A gnoll comes into view. It is wielding a +0 spear.
An orc comes into view. It is wielding a +0 war axe.
You see here a +0 spear {polearm}.
The orc shouts!
You tentacle-slap the orc. You grab the orc. You squeeze the orc!
You kill the orc!
Sif Muna accepts your kill.
You hear a shout!
A gnoll comes into view. It is wielding a +0 spear.
Things that are here:
a +0 short sword {short}; a +0 leather armour The orc closely misses you.
A gnoll comes into view. It is wielding a +0 club.
The gnoll hits you from afar with a +0 spear. 😮 HP[-3]
You take 3 damage, and now have 27/38 hp.
You tentacle-slap the orc. You grab the orc.
You constrict the orc, but do no damage.
You completely miss the orc. You squeeze the orc, but do no damage.
You constrict the orc, but do no damage.
The orc hits you with a +0 war axe. The gnoll misses you. 😮 HP[-3]
You take 3 damage, and now have 24/38 hp.
You tentacle-slap the orc.
You kill the orc!
Sif Muna accepts your kill. The gnoll hits you with a +0 spear!
* * * LOW HITPOINT WARNING * * *
An orc comes into view. It is wielding a +0 whip.
The gnoll hits you from afar with a +0 spear!
* * * LOW HITPOINT WARNING * * *
😱 HP[-16]
You take 16 damage, and now have 8/38 hp.
MASSIVE DAMAGE!! (PAUSE)
As you read the scroll labelled FOILOL BOMUC, it crumbles to dust.
The scroll dissolves into smoke.
It was a scroll of fog.
The gnoll barely misses you.
The gnoll hits you from afar with a +0 spear.
* * * LOW HITPOINT WARNING * * *
😱 HP[-6]
You take 6 damage, and now have 2/38 hp.
As you read the scroll labelled GUSAVACYNEDICH, it crumbles to dust.
The creatures around you are filled with an inner flame!
It was a scroll of immolation.
The gnoll closely misses you. The gnoll barely misses you.
As you read the scroll labelled WAECVOH PIAH, it crumbles to dust.
You assume a fearsome visage.
The gnoll looks frightened! x2
It was a scroll of fear.
As you read the scroll labelled CYANYTSOEXKE, it crumbles to dust.
You speak a Word of immense power!
It was a scroll of holy word.
The gnoll attacks as you move away! The gnoll closely misses you.
Things that are here:
a +0 short sword {short}; a +0 leather armour The gnoll attacks as you move away!
The gnoll completely misses you.
You see here a +0 spear {polearm}. 😱 HP[+1]
There is an escape hatch in the ceiling here.
The gnoll hits you with a +0 club.
You die...

Skill      XL: |  1  2  3  4  5  6 |
---------------+-------------------+-----
Unarmed Combat | 4 5 6 7 |  7.0
Ice Magic      | 1 |  1.6
Fighting       | |  1.0
Dodging        | |  2.0
Spellcasting   | |  2.0
Transmutations | |  2.7

Action                   |  1- 3 |  4- 6 || total
-------------------------+-------+-------++-------
Melee: Unarmed           |    83 |   160 ||   243
       Constrict         |    19 |    31 ||    50
       Tentacles         |    17 |    26 ||    43
       Punch             |     5 |     9 ||    14
       Kick              |       |     4 ||     4
Throw: Stone             |       |    29 ||    29
 Cast: Beastly Appendage |       |     1 ||     1
  Use: Potion            |       |     5 ||     5
       Scroll            |       |     6 ||     6
 Stab: Sleeping          |     6 |     2 ||     8
Armor: Skin              |     6 |    18 ||    24
Dodge: Dodged            |    51 |    84 ||   135

Levels and vault maps discovered:
D:1:      dpeg_arrival_rhombi, layout_basic,
          shapermc_ecumenical_altar_mp_vishouse
D:2:      minmay_roachtagon, layout_rooms
D:3:      layout_basic, serial_curves, eino_curves_02, eino_curves_03
D:4:      layout_rooms, minmay_temple_entry_tees, chequers_ossuary_entry_cave

Notes
Turn   | Place    | Note
-------+----------+-------------------------------------------
     0 | D:1      | spaghetti the Octopode Transmuter began the quest for the
                  | Orb.
     0 | D:1      | Reached XP level 1. HP: 13/13 MP: 3/3
     0 | D:1      | magus.rc [v1.9.6]
   141 | D:1      | Reached XP level 2. HP: 18/18 MP: 5/5
   158 | D:1      | Found a faded altar of an unknown god.
   183 | D:1      | Prayed at the altar of an unknown god.
   183 | D:1      | Became a worshipper of Sif Muna the Loreminder
   183 | D:1      | Reached * piety under Sif Muna
   631 | D:1      | Reached skill level 4 in Unarmed Combat
   661 | D:1      | Reached XP level 3. HP: 23/23 MP: 6/6
  1487 | D:2      | HP: 5/23 [frozen (1)]
  1990 | D:2      | Reached XP level 4. HP: 26/28 MP: 7/7
  1999 | D:2      | Reached ** piety under Sif Muna
  2306 | D:2      | Reached skill level 5 in Unarmed Combat
  2602 | D:2      | You pick up a book of Party Tricks and begin reading...
  2602 | D:2      | You add the spells Apportation and Alistair's Intoxication
                  | to your library.
  2847 | D:2      | You pick up a book of the Hunter and begin reading...
  2847 | D:2      | You add the spells Call Canine Familiar, Portal Projectile
                  | and Leda's Liquefaction to your library.
  2952 | D:3      | You pick up a book of Flames and begin reading...
  2952 | D:3      | You add the spells Foxfire, Conjure Flame, Inner Flame and
                  | Flame Wave to your library.
  3116 | D:3      | Gained mutation: Your spells are a little harder to cast,
                  | but a little more powerful. [potion of mutation]
  3116 | D:3      | Gained mutation: You expend magic power (3 MP) to
                  | strengthen your wands. [potion of mutation]
  3116 | D:3      | Gained mutation: Your flesh is heat resistant. (rF+)
                  | [potion of mutation]
  3122 | D:3      | Reached XP level 5. HP: 30/33 MP: 8/8
  3427 | D:3      | Reached skill level 6 in Unarmed Combat
  4559 | D:4      | Reached XP level 6. HP: 15/38 MP: 9/9
  4765 | D:4      | Learned a level 4 spell: Ice Form
  4791 | D:4      | HP: 8/38 [orc/+0 dagger (4)]
  5045 | D:3      | Learned a level 2 spell: Wereblood
  5094 | D:4      | Reached skill level 1 in Ice Magic
  5728 | D:4      | You pick up a book of Flames and begin reading...
  5755 | D:4      | Reached skill level 7 in Unarmed Combat
  5767 | D:4      | HP: 8/38 [gnoll/+0 spear (8)]
  5768 | D:4      | HP: 2/38 [gnoll/+0 spear (6)]
  5776 | D:4      | Slain by a gnoll

Vanquished Creatures
  A scorpion (D:4)
  2 orc priests
  A hound (D:4)
  An iguana (D:4)
  3 orc wizards
  A gnoll (D:4)
  4 adders
  2 worms (D:2)
  6 dart slugs
  14 orcs
  6 ball pythons
  4 bats
  7 endoplasms
  11 giant cockroaches (D:2)
  7 goblins
  3 hobgoblins
  3 jackals (D:1)
  3 quokkas
  2 frilled lizards (D:2)
  5 kobolds
  5 rats
91 creatures vanquished.

Table legend:
 A = Non-vault XP
 B = Vault XP
 C = Vault XP percentage of total XP
 D = Non-vault monster count
 E = Vault monster count
 F = Vault count percentage of total count
                 A         B        C        D         E       F
            +---------+---------+-------+---------+---------+-------
      Total |     568 |      20 |   3.4 |      81 |      10 |  11.0
            +---------+---------+-------+---------+---------+-------
        D:1 |      43 |       0 |   0.0 |      20 |       0 |   0.0
        D:2 |      82 |      20 |  19.6 |      24 |      10 |  29.4
        D:3 |     135 |       0 |   0.0 |      23 |       0 |   0.0
        D:4 |     308 |       0 |   0.0 |      14 |       0 |   0.0
            +---------+---------+-------+---------+---------+-------

Illustrated notes

Table legend:
 A = Kills in this place as a percentage of kills in entire the game.
 B = Kills by you in this place as a percentage of kills by you in the entire game.
 C = Kills by friends in this place as a percentage of kills by friends in the entire game.
 D = Other kills in this place as a percentage of other kills in the entire game.
 E = Experience gained in this place as a percentage of experience gained in the entire game.
 F = Experience gained in this place divided by the number of levels of this place that you have seen.
                   A       B       C       D       E      F
               +-------+-------+-------+-------+-------+----------------------
         Total | 100.0 | 100.0 |   N/A |   N/A | 100.0 | 147.0
       Dungeon | 100.0 | 100.0 |   N/A |   N/A | 100.0 | 147.0
               +-------+-------+-------+-------+-------+----------------------

Table legend: (Time is in decaauts)
 A = Elapsed time spent in this place.
 B = Non-inter-level travel time spent in this place.
 C = Inter-level travel time spent in this place.
 D = Time resting spent in this place.
 E = Time spent auto-exploring this place.
 F = Levels seen in this place.
 G = Mean time per level.
                   A        B        C        D        E       F      G
               +--------+--------+--------+--------+--------+-----+--------+
         Total |   5758 |   5598 |    160 |   2280 |   2681 |   4 | 1439.5 |
       Dungeon |   5758 |   5598 |    160 |   2280 |   2681 |   4 | 1439.5 |
               +--------+--------+--------+--------+--------+-----+--------+

Top non-repeatable levels by time:
     D:3: 2306 daAuts
     D:1: 1484 daAuts
     D:2: 1453 daAuts
     D:4: 513 daAuts
